 Dungeon Crawl Stone Soup version 0.27.1-34-g3ba077fa99 (webtiles) character file.

Game seed: 6824158583405223769

394 Arum the Purveyor of Pain (level 6, -1/41 HPs)
             Began as a Demonspawn Necromancer on Jan 15, 2022.
             Was an Initiate of Kikubaaqudgha.
             Slain by a phantom (6 damage)
             ... on level 3 of the Dungeon.
             The game lasted 00:10:16 (6305 turns).

Arum the Purveyor of Pain (Demonspawn Necromancer)  Turns: 6305, Time: 00:10:17

Health: -1/41      AC:  3    Str:  8    XL:     6   Next: 52%
Magic:  12/13      EV: 12    Int: 18    God:    Kikubaaqudgha [......]
Gold:   165        SH:  0    Dex: 14    Spells: 7/15 levels left

rFire    . . .     SeeInvis .   c - +3 flail (drain)
rCold    . . .     Faith    .   (no shield)
rNeg     . . .     Spirit   .   a - +0 robe
rPois    .         Reflect  .   (no helmet)
rElec    .         Harm     .   (no cloak)
rCorr    .         Rampage  .   n - +0 pair of gloves
Will     .....                  (no boots)
Stlth    ++........             (no amulet)
HPRegen  0.13/turn              (no ring)
MPRegen  0.13/turn              (no ring)

@: no status effects
A: hooves 1, powered by death 2, sturdy frame 2
a: Renounce Religion


You were on level 3 of the Dungeon.
You worshipped Kikubaaqudgha.
Kikubaaqudgha was noncommittal.
You visited 1 branch of the dungeon, and saw 5 of its levels.

You collected 165 gold pieces.

Inventory:

Hand Weapons
 c - a +3 flail of draining (weapon)
 h - a +2 whip of freezing
Armour
 a - a +0 robe (worn)
 n - a +0 pair of gloves (worn)
Wands
 k - a wand of flame (21)
Scrolls
 b - a scroll of magic mapping {unknown}
 e - a scroll of acquirement {unknown}
 f - a scroll of teleportation {unknown}
 i - a scroll of enchant armour {unknown}
 l - 4 scrolls of identify {unknown}
Potions
 d - 3 potions of curing {unknown}
 g - a potion of invisibility {unknown}
 j - 3 potions of ambrosia {unknown}
 m - a potion of lignification {unknown}


   Skills:
 - Level 1.7 Dodging
 - Level 1.7 Stealth
 * Level 5.0 Spellcasting
 + Level 6.6 Necromancy


You had 7 spell levels left.
You knew the following spells:

 Your Spells              Type           Power      Damage    Failure   Level
a - Pain                  Necr           100%       1d9       1%          1
b - Vampiric Draining     Necr           14%        2d8       2%          3
c - Animate Dead          Necr           14%        N/A       9%          4

Your spell library contained the following spells:

 Spells                   Type           Power      Damage    Failure   Level
 Animate Skeleton         Necr           56%        N/A       1%          1
 Agony                    Necr           28%        N/A       24%         5


Dungeon Overview and Level Annotations

Branches:
Dungeon (5/15)
 Temple: D:4-7

Altars:
Dithmenos
Kikubaaqudgha
Ru

Shops:
D:2 !


Innate Abilities, Weirdness & Mutations

You have large cloven feet.
You regenerate health from kills.
Your movements are less encumbered by armour. (ER -4)


Message History

Casting: Pain (safe; 1% risk of failure)
Confirm with . or Enter, or press ? or * to list all spells.
There is nothing nearby to animate!
Casting: Animate Dead (quite dangerous; 9% risk of failure)
Confirm with . or Enter, or press ? or * to list all spells.
Aiming: Vampiric Draining (dangerous; 2% risk of failure)
Press: ? - help, Shift-Dir - straight line, f - orc priest
Aim: an orc priest, wielding a +0 flail and wearing a +0 leather armour You draw life force from the orc priest!
You feel life coursing into your body. The phantom hits you.
The phantom blinks!
You blink.
Unknown command.
The orc priest mumbles some strange prayers to Beogh against you.
Beogh smites you!
The orc wizard gestures wildly while chanting.
The orc wizard flickers and vanishes!
Deactivating autopickup; reactivate with Ctrl-A.
The orc priest begins to cast a cantrip, but forgets the words!
There is a stone staircase leading up here.
The phantom closely misses you.
You climb upwards.
Reactivating autopickup.
There is a stone staircase leading down here.
You hit the phantom. Your kick misses the phantom.
The phantom is lightly damaged.
The phantom hits you. The phantom barely misses you.
You hit the phantom.
The phantom is moderately damaged.
The phantom hits you!
* * * LOW HITPOINT WARNING * * *
You hit the phantom. You kick the phantom.
The phantom is heavily damaged.
The phantom barely misses you.
You miss the phantom.
The phantom is heavily damaged.
The phantom hits you.
* * * LOW HITPOINT WARNING * * *
The phantom hits you.
You die...
Kikubaaqudgha rasps: "You have failed me!
Welcome... death!"

#..#..#####...........
##^#.......)####.####.
#....#....<..........
##...##.#..##.##.....
#..)##.#..##.##.####
##..##.#.###.##.####
#..##.#.# #.##.....
#..##.#.###.###.#.#
#.@##.#)#.........#
#.#W....#.#.###.###
#.#.#...#.#.##.....
#.#.....#.#.##..#.#
#.#.#.....#.##..#.#
#.####.####.....#..
#......# #####.###
######## #.... #####


You could see a phantom.

Vanquished Creatures
  An ogre (D:4)
  A scorpion (D:4)
  A jelly (D:4)
  2 orc wizards
  2 adders (D:3)
  4 gnolls
  An ufetubus (D:4)
  2 worms
  3 dart slugs
  11 orcs
  2 ball pythons
  5 endoplasms
  6 giant cockroaches
  6 goblins
  9 hobgoblins
  4 jackals (D:1)
  5 quokkas
  8 bats
  6 frilled lizards
  8 kobolds
  11 rats
98 creatures vanquished.

Notes
Turn   | Place    | Note
-------+----------+-------------------------------------------
     0 | D:1      | Arum the Demonspawn Necromancer began the quest for the
                  | Orb.
     0 | D:1      | Reached XP level 1. HP: 13/13 MP: 3/3
   559 | D:1      | Gained mutation: You have large cloven feet. [demonic
                  | ancestry]
   559 | D:1      | Reached XP level 2. HP: 15/19 MP: 0/5
   982 | D:1      | Reached skill level 5 in Necromancy
   982 | D:1      | Gained mutation: You regenerate a little health from kills.
                  | [demonic ancestry]
   982 | D:1      | Reached XP level 3. HP: 24/24 MP: 7/7
  1001 | D:1      | Found a faded altar of an unknown god.
  1038 | D:1      | Learned a level 3 spell: Vampiric Draining
  1952 | D:2      | Gained mutation: Your movements are slightly less
                  | encumbered by armour. (ER -2) [demonic ancestry]
  1952 | D:2      | Reached XP level 4. HP: 8/30 MP: 0/8
  2370 | D:2      | Found Ryucvyu's Distillery.
  3616 | D:3      | Gained mutation: Your movements are less encumbered by
                  | armour. (ER -4) [demonic ancestry]
  3616 | D:3      | Reached XP level 5. HP: 30/35 MP: 4/10
  4307 | D:3      | Reached skill level 6 in Necromancy
  4312 | D:3      | Learned a level 4 spell: Animate Dead
  5003 | D:4      | Noticed a phantom
  5078 | D:4      | Gained mutation: You regenerate health from kills. [demonic
                  | ancestry]
  5078 | D:4      | Reached XP level 6. HP: 38/41 MP: 8/12
  5154 | D:4      | Found a shadowy altar of Dithmenos.
  5309 | D:4      | Found a sacrificial altar of Ru.
  5672 | D:4      | Found an ancient bone altar of Kikubaaqudgha.
  5676 | D:4      | Became a worshipper of Kikubaaqudgha
  5809 | D:4      | Reached skill level 5 in Spellcasting
  5978 | D:5      | Entered Level 5 of the Dungeon
  6000 | D:4      | HP: 2/41 [ufetubus (4)]
  6305 | D:3      | Slain by a phantom

Illustrated notes

Levels and vault maps discovered:
D:1:      sevenhm_arrival_forest_fort_small_4, layout_loops_ring,
          basic_ecumenical_altar
D:2:      layout_basic, serial_shops, shop
D:3:      layout_basic
D:4:      layout_gridville, mainiacjoe_overflow_surrounded_room,
          nicolae_dithmenos_shadow_blocks, mainiacjoe_overflow_six_doors_small
D:5:      layout_cave_pools, serial_shops, nicolae_square_shop, uniq_ijyb

Skill      XL: |  1  2  3  4  5  6 |
---------------+-------------------+-----
Necromancy     | 5 6 |  6.6
Spellcasting   | 3 4 5 |  5.0
Dodging        | |  1.7
Stealth        | |  1.7

Action                   |  1- 3 |  4- 6 || total
-------------------------+-------+-------++-------
Melee: Unarmed           |    11 |       ||    11
       Flail             |    23 |    31 ||    54
       Kick              |     5 |     5 ||    10
 Cast: Pain              |    66 |   126 ||   192
       Animate Dead      |       |     3 ||     3
       Vampiric Draining |       |     2 ||     2
  Use: Scroll            |       |     6 ||     6
Armor: Robe              |    12 |    11 ||    23
Dodge: Dodged            |    32 |    43 ||    75
